Map: Acropolis LE

Players

IIIIIIIIIIII

  • Race: Terran Terran
  • League: Master
  • Spawn Location: 5:00

Mez - Winner!

  • Race: Terran Terran
  • League: Master
  • Spawn Location: 11:00

VOD

Have the link to the VOD?

Description

Time

  • Played on: July 28, 2019, 9:58 a.m.
  • Length: 8:56
Show
View Real Time Build Order
Export as new Build Order

IIIIIIIIIIII Terran 

Build Orders: Reaper Expand, Mech 

Get SALT Encoding   

  12  0:01  SCV  
  13  0:13  SCV  
  14  0:19  Supply Depot  
  14  0:25  SCV  
  15  0:39  Refinery  
  15  0:40  SCV  
  16  0:45  Barracks  
  16  0:53  SCV  
  17  1:05  SCV  
  18  1:17  SCV  
  19  1:31  Orbital Command  
  19  1:32  Reaper  
  20  1:43  Command Center  
  20  1:49  Refinery  
  20  1:58  SCV  
  20  2:00  Supply Depot  
  21  2:05  Reaper  
  22  2:14  SCV  
  23  2:20  Factory  
  23  2:26  SCV  
  24  2:37  Barracks Reactor  
  24  2:38  SCV  
  25  2:50  SCV  
  26  2:58  Orbital Command  
  26  3:02  Refinery, SCV  
  27  3:06  Starport  
  27  3:15  SCV  
  27  3:18  Hellion x2  
  27  3:19  Barracks Tech Lab  
  32  3:25  SCV  
  34  3:27  SCV  
  34  3:37  SCV  
  34  3:39  SCV  
  34  3:40  Hellion x2  
  40  3:46  Supply Depot  
  40  3:49  SCV  
  40  3:51  SCV  
  42  4:01  SCV, Supply Depot  
  43  4:03  SCV  
  43  4:06  Raven, Refinery  
  43  4:07  Hellion  
  43  4:08  Hellion  
  50  4:13  SCV  
  50  4:15  SCV  
  52  4:17  Factory  
  52  4:22  Barracks Reactor  
  52  4:25  SCV  
  52  4:26  Supply Depot  
  52  4:29  SCV  
  54  4:37  SCV  
  55  4:41  SCV  
  56  4:49  SCV  
  57  4:53  SCV  
  57  4:55  Command Center  
  57  4:59  Supply Depot  
  58  5:00  Siege Tank  
  58  5:01  Viking  
  63  5:15  SCV  
  63  5:18  Hellion x2  
  63  5:19  Viking  
  63  5:20  SCV  
  71  5:27  SCV  
  72  5:29  Supply Depot  
  72  5:33  SCV, Armory  
  72  5:34  Engineering Bay  
  73  5:39  SCV  
  74  5:43  Infernal Pre-Igniter  
  74  5:44  Siege Tank  
  74  5:45  SCV  
  78  5:51  Hellion, Supply Depot  
  78  5:52  SCV  
  78  5:53  Viking  
  83  5:57  SCV  
  83  6:04  SCV  
  85  6:06  Missile Turret  
  85  6:08  Orbital Command  
  85  6:09  SCV  
  86  6:14  Hellion x2  
  86  6:16  SCV  
  91  6:21  SCV  
  92  6:28  SCV  
  92  6:32  Factory, Terran Vehicle Weapons Level 1  
  93  6:33  Factory, SCV  
  93  6:34  Armory  
  93  6:35  Barracks Tech Lab  
  95  6:41  SCV  
  95  6:46  SCV  
  95  6:47  Missile Turret  
  96  6:59  Siege Tank  
  99  7:09  Hellion x2  
  76  7:28  Hellion x2  
  70  7:30  Hellion x2  
  70  7:31  Siege Tank, Orbital Command  
  68  7:51  Factory Tech Lab  
  68  7:52  Barracks Reactor  
  68  7:53  Viking x2  
  68  7:54  Factory  
  68  7:55  SCV x2  
  68  7:58  SCV  
  75  8:03  Siege Tank  
  78  8:07  SCV x2  
  78  8:10  SCV  
  81  8:19  SCV x2  
  83  8:21  Missile Turret  
  83  8:22  Siege Tank x2, SCV  
  83  8:23  Hellion x2  
  83  8:24  Refinery  
  83  8:25  Refinery  
  94  8:31  SCV x2  
  94  8:33  Missile Turret  
  96  8:34  SCV  
  100  8:43  SCV x2  
Show
View Real Time Build Order
Export as new Build Order

Mez Terran - Winner!

Build Orders: Reaper Expand 

Get SALT Encoding   

  12  0:00  SCV  
  13  0:13  SCV  
  14  0:17  Supply Depot  
  14  0:25  SCV  
  15  0:38  SCV  
  15  0:41  Barracks  
  16  0:44  Refinery  
  16  0:50  SCV  
  17  1:03  SCV  
  18  1:16  SCV  
  19  1:30  Reaper, Orbital Command  
  20  1:43  Command Center  
  20  1:57  Barracks  
  20  1:59  SCV  
  21  2:05  Barracks Reactor  
  21  2:12  Supply Depot  
  21  2:15  SCV  
  21  2:24  Barracks  
  21  2:27  SCV  
  22  2:39  SCV  
  22  2:41  Marine  
  22  2:42  Marine  
  25  2:45  Barracks Tech Lab  
  25  2:51  SCV  
  25  2:55  Orbital Command  
  26  3:01  Marine  
  26  3:02  Marine  
  28  3:05  Concussive Shells  
  28  3:06  Marauder  
  28  3:08  SCV  
  28  3:12  Marine  
  32  3:18  Supply Depot  
  32  3:20  SCV  
  32  3:21  SCV  
  32  3:23  Marine x2  
  36  3:27  Marine  
  36  3:30  Marine  
  36  3:32  SCV  
  36  3:33  SCV  
  40  3:42  Supply Depot  
  40  3:44  Engineering Bay, Marine  
  40  3:45  Marine x2  
  43  3:49  Stimpack  
  43  3:51  Marine  
  43  3:52  SCV x2  
  45  4:04  SCV x2  
  45  4:06  Marine x2  
  45  4:07  Marine, Supply Depot  
  50  4:10  Terran Infantry Weapons Level 1  
  50  4:14  Marine  
  50  4:16  SCV x2  
  53  4:23  Factory  
  53  4:25  Refinery  
  53  4:26  Refinery  
  53  4:28  SCV x2  
  55  4:35  Supply Depot  
  55  4:40  SCV x2  
  55  4:42  Marine x2  
  55  4:43  Marine x2  
  61  4:54  Command Center  
  61  5:04  Marine x2  
  61  5:05  Marine x2  
  65  5:08  Starport, Factory Reactor  
  65  5:22  SCV  
  65  5:25  Barracks Reactor  
  66  5:30  Barracks  
  66  5:31  Barracks  
  66  5:32  Supply Depot  
  66  5:34  SCV x2  
  68  5:35  Supply Depot  
  68  5:36  Marine  
  68  5:37  Marine  
  68  5:39  Marauder  
  72  5:52  Combat Shield  
  72  5:55  SCV x2  
  72  5:56  Medivac x2  
  78  5:57  Marine x2  
  78  6:01  Supply Depot  
  78  6:02  Supply Depot  
  80  6:04  Terran Infantry Armor Level 1  
  80  6:10  Marine x2  
  82  6:11  Marine  
  83  6:20  Barracks Reactor x2  
  83  6:24  Marine x2  
  85  6:25  SCV  
  85  6:26  SCV  
  85  6:27  Marine  
  85  6:28  Supply Depot  
  85  6:29  Supply Depot  
  88  6:33  Orbital Command  
  88  6:36  Marine  
  88  6:38  SCV x2, Marine  
  88  6:39  Medivac x2  
  96  6:41  Marine  
  96  6:45  Marine x2  
  99  6:54  Refinery  
  99  6:58  Armory, Marine x6  
  99  6:59  Marine  
  99  7:00  Engineering Bay  
  106  7:06  Marine x2  
  77  7:34  Marine x2  
  77  7:35  Marine, Marauder, Medivac  
  79  7:39  SCV x3  
  78  7:44  Marine x3  
  78  7:45  Marine x2  
  78  7:49  Command Center  
  78  7:51  SCV x2  
  85  7:52  Supply Depot  
  85  7:53  Supply Depot  
  85  7:54  Marine x3  
  85  7:56  Marauder  
  85  7:57  SCV  
  91  8:02  Marine  
  91  8:03  SCV x2  
  94  8:06  Medivac x2  
  98  8:12  Marine  
  98  8:13  Marine x4  
  98  8:16  Marine  
  98  8:17  Marine  
  105  8:20  Marauder  
  107  8:27  Barracks  
  107  8:29  Barracks  
  107  8:35  Barracks  
Tags
 
Add a new tag
Caveats
  • Supply blocks, unpowered buildings, or Contaminate may cause inaccurate times.
  • Supply counts are checked every 10 seconds.